 Dungeon Crawl Stone Soup version 0.24-a0-252-g5076262 (webtiles) character file.

Game seed: 14339061055062565559

2244 Borgoz the Cutter (level 9, -4/54 HPs)
             Began as a Gargoyle Gladiator on Apr 17, 2019.
             Was an Initiate of Ashenzari.
             Slain by Harold
             ... wielding a +0 scimitar
              (9 damage)
             ... while paralysed by Harold
             ... on level 7 of the Dungeon.
             The game lasted 00:09:31 (7103 turns).

Borgoz the Cutter (Gargoyle Gladiator)              Turns: 7103, Time: 00:09:32

Health: -4/54      AC: 11    Str: 18    XL:     9   Next: 37%
Magic:  11/11      EV:  2    Int:  9    God:    Ashenzari [......]
Gold:   377        SH:  0    Dex: 14    Spells: 8/8 levels left

rFire    . . .     SeeInvis .   a - +0 rapier
rCold    + . .     Gourm    .   (no shield)
rNeg     + . .     Faith    .   b - +0 leather armour
rPois    ∞         Spirit   .   c - +0 helmet
rElec    +         Reflect  .   (no cloak)
rCorr    .         Harm     .   (no gloves)
MR       .....                  (no boots)
Stlth    +++.......             v - amulet of rage
HPRegen  0.18/turn              p - ring of protection from cold
MPRegen  0.12/turn              (no ring)

@: paralysed, marked, berserk cooldown, slowed, studying Evocations
A: negative energy resistance 1, electricity resistance, unbreathing,
petrification resistance, rot immunity, AC +6
a: Curse Item, Renounce Religion, Evoke Berserk Rage


You were on level 7 of the Dungeon.
You worshipped Ashenzari.
Ashenzari was noncommittal.
You were hungry.

You visited 2 branches of the dungeon, and saw 8 of its levels.
You also visited: Sewer.

You collected 377 gold pieces.

Inventory:

Hand Weapons
 a - a +0 rapier (weapon)
Armour
 b - a +0 leather armour (worn)
 c - a +0 helmet (worn)
Jewellery
 p - a ring of protection from cold (left hand)
 s - an uncursed amulet of the gourmand
 v - an amulet of rage (around neck)
 x - an uncursed amulet of regeneration
Wands
 y - a wand of flame (7)
 z - a wand of random effects (9)
Scrolls
 d - 3 scrolls of random uselessness {unknown}
 g - 2 scrolls of fear
 h - 4 scrolls of remove curse
 i - 2 scrolls of teleportation
 j - 4 scrolls of identify {unknown}
 m - 2 scrolls of amnesia
 q - 2 scrolls of magic mapping
 u - a scroll of enchant armour {unknown}
 w - 4 scrolls of immolation {unknown}
 E - a scroll of noise {unknown}
Potions
 e - a potion of mutation {unknown}
 k - a potion of degeneration {unknown}
 l - a potion of flight {unknown}
 n - 3 potions of curing {unknown}
 o - 3 potions of might {unknown}
 r - 2 potions of heal wounds
 A - a potion of haste {unknown}
 B - a potion of brilliance {unknown}
 C - a potion of ambrosia {unknown}
 F - a potion of cancellation {unknown}
Books
 t - a manual of Evocations
Comestibles
 f - 7 rations
 D - 2 chunks of flesh


   Skills:
 + Level 5.3 Fighting
 * Level 6.4 Short Blades
 - Level 1.7 Throwing
 + Level 4.4 Armour
 * Level 5.8 Dodging
 - Level 5.0 Stealth
 + Level 3.7 Evocations


You had 8 spell levels left.
You didn't know any spells.
Your spell library was empty.

Dungeon Overview and Level Annotations

Branches:
Dungeon (7/15)             Temple (1/1) D:4

Altars:
Ashenzari
Cheibriados
Dithmenos
Elyvilon
Fedhas
Gozag
Hepliaklqana
Kikubaaqudgha
Makhleb
Nemelex Xobeh
Okawaru
Qazlal
Ru
Sif Muna
Trog
Uskayaw
Vehumet
Wu Jian
Xom
Yredelemnul
Zin
The Shining One

Annotations:
D:5 3 runed translucent doors, Borgoz's ghost, novice KoGl
D:7 Harold


Innate Abilities, Weirdness & Mutations

You are resistant to torment.
Your stone body is resilient. (AC +6)
You are immune to poison.
You resist negative energy. (rN+)
You are resistant to electric shocks. (rElec)
You can survive without breathing.
You are immune to petrification.
You are immune to rotting.


Message History

Harold is heavily wounded.
Harold hits you with a +0 scimitar.
You hit Harold.
Harold is severely wounded.
You hit Harold.
Harold is severely wounded.
Harold says, "Ah, this is what I got into this business for!"
Harold zaps a wand.
You suddenly lose the ability to move!
Harold gestures at you while chanting. The mark upon you grows brighter.
You are no longer berserk.
You pass out from exhaustion.
You feel yourself slow down. Harold hits you but does no damage.
Harold gestures at you while chanting. The mark upon you grows brighter.
Harold hits you with a +0 scimitar! Harold hits you with a +0 scimitar!!
* * * LOW HITPOINT WARNING * * *
Harold hits you with a +0 scimitar!
You die...

######## #.)....# ..
#...(..######## ...
#.............#
....##......######.#
...#....##.######.#
..........@@.)........
......#....##<######.#
..... #....######
......###..[....##
..................
.....###.#####.#.. ..
#....@# # #.....#
#.....#


You could see Harold.

Vanquished Creatures
  Pikel (D:5)
  4 ogres
  A sky beast (D:5)
  4 centaurs
  4 big kobolds (Sewer)
  A wyvern zombie (D:6)
  A scorpion (D:4)
  A crimson imp (D:6)
  2 hounds
  3 orc wizards
  8 worker ants
  A hound zombie (D:6)
  A hound skeleton (D:6)
  A worker ant zombie (D:5)
  9 adders
  4 river rats (Sewer)
  4 oozes
  10 worms
  2 dart slugs
  6 leopard geckos
  20 orcs
  5 bats
  8 giant cockroaches
  6 goblins
  5 hobgoblins
  13 jackals
  8 ball pythons
  5 frilled lizards
  7 kobolds
  9 rats
154 creatures vanquished.

Notes
Turn   | Place    | Note
-------+----------+-------------------------------------------
     0 | D:1      | Borgoz the Gargoyle Gladiator began the quest for the Orb.
     0 | D:1      | Reached XP level 1. HP: 12/12 MP: 1/1
   114 | D:1      | Reached XP level 2. HP: 17/17 MP: 2/2
   190 | D:1      | Reached skill level 3 in Short Blades
   254 | D:1      | Reached XP level 3. HP: 11/22 MP: 3/3
   609 | D:2      | Reached skill level 1 in Armour
   660 | D:2      | Reached skill level 1 in Stealth
  1114 | D:2      | Reached XP level 4. HP: 27/27 MP: 4/4
  1840 | D:3      | Reached XP level 5. HP: 22/32 MP: 5/5
  2012 | D:3      | Found a glowing drain.
  2026 | Sewer    | Entered a sewer
  2060 | Sewer    | Noticed a big kobold
  2089 | Sewer    | Killed a big kobold
  2340 | Sewer    | Noticed a big kobold
  2367 | Sewer    | Killed a big kobold
  2367 | Sewer    | Reached skill level 4 in Short Blades
  2367 | Sewer    | Reached XP level 6. HP: 30/37 MP: 6/6
  3039 | Sewer    | Reached XP level 7. HP: 34/41 MP: 7/7
  3960 | D:4      | Reached skill level 5 in Short Blades
  3986 | D:4      | Reached skill level 1 in Evocations
  3986 | D:4      | Reached XP level 8. HP: 5/48 MP: 8/8
  4334 | D:4      | Found a staircase to the Ecumenical Temple.
  4385 | Temple   | Entered the Ecumenical Temple
  4451 | Temple   | Became a worshipper of Ashenzari the Shackled
  5068 | D:5      | Entered Level 5 of the Dungeon
  5405 | D:5      | Reached skill level 5 in Dodging
  5468 | D:5      | Noticed Pikel
  5485 | D:5      | Killed Pikel
  5485 | D:5      | Reached skill level 6 in Short Blades
  5485 | D:5      | Reached XP level 9. HP: 53/53 MP: 9/11
  5650 | D:5      | Reached skill level 5 in Fighting
  5979 | D:5      | Found a glowing golden altar of the Shining One.
  6162 | D:5      | Found a runed translucent gate.
  6162 | D:5      | Found a runed translucent gate.
  6162 | D:5      | Found a runed translucent gate.
  6163 | D:5      | Noticed Borgoz's ghost (novice KoGl)
  6623 | D:6      | Reached skill level 5 in Stealth
  6906 | D:7      | Noticed Harold
  6913 | D:7      | Paralysed by Harold for 5 turns
  7096 | D:7      | Paralysed by Harold for 3 turns
  7103 | D:7      | Slain by Harold

Levels and vault maps discovered:
D:1:      grunt_arrival_crossed_arrows, layout_rooms, fountainhead
D:2:      layout_loops_ring, kennysheep_nub
D:3:      layout_basic, cheibrodos_sewer_entry_bend
D:4:      layout_basic, temple_green, first_ration, minmay_manual_mares
D:5:      layout_basic, nicolae_tso_swordbearing_angel, gammafunk_ghost_split,
          uniq_pikel
D:6:      layout_rooms, roderic_three_in_a_row
D:7:      layout_basic, serial_shops, kennysheep_little_box,
          uniq_prince_ribbit1, uniq_joseph, uniq_harold
Temple:   compressed_dpeg_triangle_lava_temple
Sewer:    sewer_co_tree

Skill      XL: |  1  2  3  4  5  6  7  8  9 |
---------------+----------------------------+-----
Short Blades   | 3 4 5 6 |  6.4
Armour         | 1 2 3 4 |  4.4
Stealth        | 1 2 3 4 5 |  5.0
Dodging        | 3 4 5 |  5.8
Fighting       | 3 4 5 |  5.3
Evocations     | 1 3 |  3.7
Throwing       | |  1.7

Action                   |  1- 3 |  4- 6 |  7- 9 || total
-------------------------+-------+-------+-------++-------
Melee: Rapier            |   137 |   313 |   429 ||   879
Throw: Throwing net      |     1 |     2 |     3 ||     6
 Abil: Evoke Berserk Rag |       |       |     3 ||     3
  Use: Scroll            |       |     4 |       ||     4
       Potion            |       |       |     1 ||     1
 Stab: Sleeping          |     1 |     2 |    11 ||    14
       Held in net/web   |       |       |     2 ||     2
  Eat: Chunk             |     1 |    11 |    14 ||    26
Armor: Leather armour    |    49 |    94 |   149 ||   292
Dodge: Dodged            |    89 |   168 |   233 ||   490

Table legend:
 A = Non-vault XP
 B = Vault XP
 C = Vault XP percentage of total XP
 D = Non-vault monster count
 E = Vault monster count
 F = Vault count percentage of total count
                 A         B        C        D         E       F
            +---------+---------+-------+---------+---------+-------
      Total |    1850 |    1357 |  42.3 |     121 |      33 |  21.4
            +---------+---------+-------+---------+---------+-------
        D:1 |      43 |       0 |   0.0 |      18 |       0 |   0.0
        D:2 |      48 |       0 |   0.0 |      23 |       0 |   0.0
        D:3 |     153 |      11 |   6.7 |      29 |       2 |   6.5
        D:4 |     440 |     218 |  33.1 |      20 |       2 |   9.1
        D:5 |     580 |     607 |  51.1 |      11 |       1 |   8.3
        D:6 |     574 |       0 |   0.0 |      16 |       0 |   0.0
        D:7 |      12 |       0 |   0.0 |       4 |       0 |   0.0
      Sewer |       0 |     521 | 100.0 |       0 |      28 | 100.0
            +---------+---------+-------+---------+---------+-------
